 Dungeon Crawl Stone Soup version 0.19.1-1-g22dce08 (webtiles) character file.

420 MovingMist the Skirmisher (level 6, -2/57 HPs)
             Began as a Naga Fighter on Jan 18, 2017.
             Slain by a gnoll
             ... wielding a cursed +0 spear
              (4 damage)
             ... on level 5 of the Dungeon.
             The game lasted 00:09:20 (3603 turns).

MovingMist the Skirmisher (Naga Fighter)            Turns: 3603, Time: 00:09:20

Health: -2/57      AC:  7    Str: 18    XL:     6   Next: 94%
Magic:  6/6        EV:  6    Int:  9    God:
Gold:   243        SH:  8    Dex: 12    Spells: 0 memorised, 5 levels left

rFire  . . .     SeeInvis +     r - +0 war axe (venom)
rCold  . . .     Gourm    .     b - +0 scale mail
rNeg   . . .     Faith    .     c - +0 shield
rPois  +         Spirit   .     (no helmet)
rElec  .         Reflect  .     (no cloak)
rCorr  .         Harm     .     h - +0 pair of gloves
MR     .....                    (no barding)
Stlth  ..........               y - amulet of magic regeneration
                                (no ring)
                                p - ring of wizardry

@: very slow
A: see invisible, deformed body, poison resistance, slowness 2, slow metabolism
1, spit poison 1, AC +2
a: Spit Poison


You were on level 5 of the Dungeon.
You were not hungry.

You visited 1 branch of the dungeon, and saw 5 of its levels.

You collected 243 gold pieces.

Inventory:

Hand Weapons
 a - a +0 trident
 r - a +0 war axe of venom (weapon)
Armour
 b - a +0 scale mail (worn)
 c - a +0 shield (worn)
 h - a +0 pair of gloves (worn)
Jewellery
 p - a ring of wizardry (left hand)
 y - an amulet of magic regeneration (around neck)
Wands
 x - a wand of flame (33/48)
 z - a wand of enslavement (18/24)
Scrolls
 g - a scroll of noise {unknown}
 j - 3 scrolls of fog {unknown}
 k - 3 scrolls of recharging {unknown}
 o - a scroll of blinking {unknown}
 q - 5 scrolls of identify {unknown}
 s - 2 scrolls of remove curse {unknown}
 v - 3 scrolls of teleportation {unknown}
Potions
 d - 2 potions of might
 e - 2 potions of haste {unknown}
 i - 2 potions of curing {unknown}
 l - a potion of berserk rage {unknown}
 n - 2 potions of brilliance {unknown}
 t - a potion of cancellation {unknown}
 u - a potion of ambrosia {unknown}
 w - a potion of degeneration {unknown}
 A - a potion of lignification {unknown}
 C - a potion of flight {unknown}
Comestibles
 f - 6 bread rations
 m - 4 meat rations
 B - 3 chunks of flesh


   Skills:
 + Level 4.3 Fighting
 + Level 2.0(2.7) Axes
 - Level 2.8(3.2) Polearms
 + Level 3.3 Armour
 * Level 3.4 Dodging
 - Level 2.4 Shields


You had 5 spell levels left.
You didn't know any spells.

Dungeon Overview and Level Annotations

Branches:
Dungeon (5/15)
 Temple: D:4-7

Altars:
Hepliaklqana


Innate Abilities, Weirdness & Mutations

You cannot wear boots.
Your serpentine skin is tough. (AC +2)
You have supernaturally acute eyesight. (SInv)
Armour fits poorly on your strangely shaped body.
Your system is resistant to poisons. (rPois)
You cover ground very slowly.
You have a slow metabolism.
You can spit poison.


Message History

The gnoll hits you from afar with a spear!
* * * LOW HITPOINT WARNING * * *
The gnoll hits you with a club.
* * * LOW HITPOINT WARNING * * *
You slash the gnoll!
The gnoll looks as sick as possible!
The gnoll is heavily wounded.
The gnoll hits you but does no damage. You block the gnoll's attack.
You open the door. You block the gnoll's attack. x2
Found a falchion.
You kill the gnoll!
Your Axes skill increases to level 2!
You block the gnoll's attack.
There is an open door here.
You block the gnoll's attack.
There is an open door here.
You barely miss the gnoll. The gnoll hits you with a spear.
* * * LOW HITPOINT WARNING * * *
You block the gnoll's attack.
You closely miss the gnoll. The gnoll hits you with a spear.
You die...

#..####...#....
#......<..+ .
....##....# ##
#....+ #....#
#....# #g#### #
#g# #.#@####
#......#
#......#
#.)....#
#......#
#......#
+......+
#......#
#......#


You could see 2 gnolls.

Vanquished Creatures
  Crazy Yiuf (D:3)
  An iguana (D:5)
  Natasha (twice) (D:2)
  2 orc wizards (D:4)
  A worker ant (D:4)
  11 adders
  2 gnolls (D:5)
  2 oozes
  4 worms
  3 dart slugs
  4 leopard geckos
  6 orcs
  4 ball pythons
  15 bats
  A giant cockroach (D:1)
  13 goblins
  9 hobgoblins
  7 kobolds
  A quokka (D:4)
  3 frilled lizards
  A leopard gecko skeleton (D:4)
  10 rats
103 creatures vanquished.

Notes
Turn   | Place    | Note
-------+----------+-------------------------------------------
     0 | D:1      | MovingMist the Naga Fighter began the quest for the Orb.
     0 | D:1      | Reached XP level 1. HP: 21/21 MP: 1/1
   166 | D:1      | Reached XP level 2. HP: 28/28 MP: 2/2
   384 | D:1      | Reached skill level 1 in Dodging
   630 | D:1      | Reached XP level 3. HP: 29/34 MP: 3/3
  1030 | D:2      | Reached XP level 4. HP: 36/42 MP: 4/4
  1387 | D:2      | Noticed Natasha
  1395 | D:2      | Killed Natasha
  1395 | D:2      | Reached XP level 5. HP: 32/49 MP: 5/5
  1523 | D:2      | Noticed Natasha
  1528 | D:2      | Killed Natasha
  1714 | D:3      | Reached skill level 1 in Axes
  1928 | D:3      | Found a hazy altar of Hepliaklqana.
  2421 | D:3      | Found a runed door.
  2459 | D:3      | Noticed Crazy Yiuf
  2464 | D:3      | HP: 3/75 [Crazy Yiuf/quarterstaff of chaos (10)]
  2466 | D:3      | Killed Crazy Yiuf
  2466 | D:3      | Reached skill level 4 in Fighting
  2466 | D:3      | Reached XP level 6. HP: 4/57 MP: 6/6
  3574 | D:5      | Entered Level 5 of the Dungeon
  3602 | D:5      | HP: 1/57 [gnoll/spear (6)]
  3603 | D:5      | Slain by a gnoll

Skill      XL: |  1  2  3  4  5  6 |
---------------+-------------------+-----
Dodging        | 1 2 3 |  3.4
Armour         | 3 |  3.3
Axes           | 1 2 |  2.0
Fighting       | 4 |  4.3
Polearms       | |  2.8
Shields        | |  2.4

Action                   |  1- 3 |  4- 6 || total
-------------------------+-------+-------++-------
Melee: Trident           |   144 |    59 ||   203
       War axe           |       |   198 ||   198
  Eat: Chunk             |       |     8 ||     8
Armor: Scale mail        |    74 |   105 ||   179
Dodge: Dodged            |    31 |    60 ||    91
Block: Shield            |    55 |   130 ||   185
